BSA
SO CAL HENVY @ IRVINE GANG GREEN
08/16/2026
 
TOP OF THE 1ST
So Cal Henvy batting - Pitching for Irvine Gang Green : RHP Jung Chwa
Pitching: RHP Jung Chwa
Batting: SHB Miguel González 0-0: Ball
1-0: Foul Ball, location: 2F
1-1: Ground out U3 (Groundball, 3)
Batting: LHB John Peterson 0-0: Ball
1-0: Ball
2-0: Ball
3-0: Called Strike
3-1: Called Strike
3-2: Strikes out looking
Batting: RHB Earl Wiggins 0-0: Called Strike
0-1: Foul Ball, location: 2F
0-2: Ball
1-2: Strikes out swinging
Top of the 1st over - 0 run(s), 0 hit(s), 0 error(s), 0 left on base; So Cal 0 - Irvine 0
BOTTOM OF THE 1ST
Irvine Gang Green batting - Pitching for So Cal Henvy : LHP Tomás Fajardo
Pitching: LHP Tomás Fajardo
Batting: LHB Leonardo Medina 0-0: Called Strike
0-1: Called Strike
0-2: Foul Ball, location: 2F
0-2: Ball
1-2: Fly out, F8 (Flyball, 8LXD)
Batting: RHB Buck Jones 0-0: Ball
1-0: Foul Ball, location: 2F
1-1: SINGLE (Groundball, 5D)
Batting: LHB Jorge Martínez 0-0: Called Strike
0-1: Ball
1-1: Foul Ball, location: 2F
1-2: Foul Ball, location: 2F
1-2: Ball
2-2: Strikes out looking
Batting: LHB Víctor Quiñones 0-0: Ball
1-0: Ball
2-0: Called Strike
2-1: Foul Ball, location: 2F
2-2: Ball
3-2: Foul Ball, location: 2F
3-2: Fly out, F8 (Flyball, 8LM)
Bottom of the 1st over - 0 run(s), 1 hit(s), 0 error(s), 1 left on base; So Cal 0 - Irvine 0
TOP OF THE 2ND
So Cal Henvy batting - Pitching for Irvine Gang Green : RHP Jung Chwa
Batting: RHB Rubén Calderón 0-0: Ground out 5-3 (Groundball, 5)
Batting: LHB José Antonio Santiago 0-0: Ground out 4-3 (Groundball, 4MS)
Batting: SHB Ray Burgess 0-0: Called Strike
0-1: Called Strike
0-2: Foul Ball, location: 2F
0-2: Ball
1-2: Fly out, F6 (Popup, 6)
Top of the 2nd over - 0 run(s), 0 hit(s), 0 error(s), 0 left on base; So Cal 0 - Irvine 0
BOTTOM OF THE 2ND
Irvine Gang Green batting - Pitching for So Cal Henvy : LHP Tomás Fajardo
Batting: RHB Manny Copriviza 0-0: Called Strike
0-1: Ball
1-1: Ball
2-1: Ball
3-1: SINGLE (Groundball, 5L)
Batting: RHB José Salazar 0-0: Swinging Strike
0-1: Called Strike
0-2: Ball
1-2: Ball
2-2: Ball
3-2: Base on Balls
Manny Copriviza to second
Batting: LHB Jesús Campos 0-0: Ball
1-0: Swinging Strike
1-1: Foul Ball, location: 2F
1-2: Fly out, F8 (Flyball, 8RD)
Runner from 2nd tags up, SAFE at 3rd, no throw
Batting: RHB Raúl Salas 0-0: Called Strike
0-1: Swinging Strike
0-2: Ball
1-2: Strikes out swinging
Batting: RHB Aaron Wilson 0-0: Fielders Choice at 2nd, 6-4 (Groundball, 6S)
Bottom of the 2nd over - 0 run(s), 1 hit(s), 0 error(s), 1 left on base; So Cal 0 - Irvine 0
TOP OF THE 3RD
So Cal Henvy batting - Pitching for Irvine Gang Green : RHP Jung Chwa
Batting: RHB Morgan Gibbon 0-0: Ball
1-0: Called Strike
1-1: Called Strike
1-2: Ball
2-2: Ground out U3 (Groundball, 3)
Batting: SHB Derek Roach 0-0: Foul Ball, location: 2F
0-1: Ball
1-1: Foul Ball, location: 2F
1-2: Strikes out looking
Batting: RHB Edouard Padovano 0-0: Called Strike
0-1: Ball
1-1: Swinging Strike
1-2: Ball
2-2: Strikes out swinging
Top of the 3rd over - 0 run(s), 0 hit(s), 0 error(s), 0 left on base; So Cal 0 - Irvine 0
BOTTOM OF THE 3RD
Irvine Gang Green batting - Pitching for So Cal Henvy : LHP Tomás Fajardo
Batting: LHB Leonardo Medina 0-0: Called Strike
0-1: Ground out 4-3 (Groundball, 4)
Batting: RHB Buck Jones 0-0: Foul Ball, location: 2F
0-1: Foul Ball, location: 2F
0-2: Ball
1-2: Ball
2-2: Ball
3-2: Ground out 6-3 (Groundball, 6)
Batting: LHB Jorge Martínez 0-0: Ball
1-0: Fly out, F6 (Line Drive, 6)
Bottom of the 3rd over - 0 run(s), 0 hit(s), 0 error(s), 0 left on base; So Cal 0 - Irvine 0
TOP OF THE 4TH
So Cal Henvy batting - Pitching for Irvine Gang Green : RHP Jung Chwa
Batting: SHB Miguel González 0-0: Ball
1-0: Foul Ball, location: 2F
1-1: Foul Ball, location: 2F
1-2: Ball
2-2: Ball
3-2: SINGLE (Line Drive, 78S)
Batting: LHB John Peterson 0-0: Called Strike
0-1: Foul Ball, location: 2F
0-2: Foul Ball, location: 2F
0-2: Fly out, F9 (Flyball, 9D)
Batting: RHB Earl Wiggins 0-0: Ball
1-0: Fly out, F8 (Popup, 6MD)
Batting: RHB Rubén Calderón 0-0: Fly out, F9 (Popup, 9S)
Top of the 4th over - 0 run(s), 1 hit(s), 0 error(s), 1 left on base; So Cal 0 - Irvine 0
BOTTOM OF THE 4TH
Irvine Gang Green batting - Pitching for So Cal Henvy : LHP Tomás Fajardo
Batting: LHB Víctor Quiñones 0-0: Ball
1-0: Ball
2-0: Ball
3-0: Base on Balls
Batting: RHB Manny Copriviza 0-0: Called Strike
0-1: Swinging Strike
0-2: Strikes out swinging
Batting: RHB José Salazar 0-0: Called Strike
0-1: Fly out, F6 (Popup, 56D)
Batting: LHB Jesús Campos 0-0: Ball
1-0: Fly out, F6 (Popup, 6M)
Bottom of the 4th over - 0 run(s), 0 hit(s), 0 error(s), 1 left on base; So Cal 0 - Irvine 0
TOP OF THE 5TH
So Cal Henvy batting - Pitching for Irvine Gang Green : RHP Jung Chwa
Batting: LHB José Antonio Santiago 0-0: Ball
1-0: Foul Ball, location: 2F
1-1: Swinging Strike
1-2: Ball
2-2: Strikes out swinging
Batting: SHB Ray Burgess 0-0: Called Strike
0-1: Ball
1-1: Ball
2-1: Fly out, F7 (Flyball, 7M)
Batting: RHB Morgan Gibbon 0-0: Ball
1-0: Ball
2-0: Foul Ball, location: 2F
2-1: Foul Ball, location: 2F
2-2: Foul Ball, location: 2F
2-2: Ground out 4-3 (Groundball, 4)
Top of the 5th over - 0 run(s), 0 hit(s), 0 error(s), 0 left on base; So Cal 0 - Irvine 0
BOTTOM OF THE 5TH
Irvine Gang Green batting - Pitching for So Cal Henvy : LHP Tomás Fajardo
Batting: RHB Raúl Salas 0-0: Called Strike
0-1: Ball
1-1: Ball
2-1: SINGLE (Line Drive, 56D)
Batting: RHB Aaron Wilson 0-0: Ball
1-0: SINGLE (Groundball, 6D)
Raúl Salas to second
Batting: LHB Leonardo Medina 0-0: Swinging Strike
0-1: Grounds into double play, 4-6-3 (Groundball, 4)
Raúl Salas to third
Batting: RHB Buck Jones 0-0: Called Strike
0-1: Foul Ball, location: 2F
0-2: Ball
1-2: Ball
2-2: Foul Ball, location: 2F
2-2: Fly out, F3 (Popup, 3F)
Bottom of the 5th over - 0 run(s), 2 hit(s), 0 error(s), 1 left on base; So Cal 0 - Irvine 0
TOP OF THE 6TH
So Cal Henvy batting - Pitching for Irvine Gang Green : RHP Jung Chwa
Batting: SHB Derek Roach 0-0: Ball
1-0: Foul Ball, location: 2F
1-1: Fly out, F7 (Flyball, 78M)
Batting: RHB Edouard Padovano 0-0: Ball
1-0: Foul Ball, location: 2F
1-1: SINGLE (Groundball, 6D)
Batting: SHB Miguel González 0-0: 2-RUN HOME RUN (Flyball, 9LD), Distance : 403 ft
Batting: LHB John Peterson 0-0: Ball
1-0: Foul Ball, location: 2F
1-1: Foul Ball, location: 2F
1-2: Strikes out swinging
Batting: RHB Earl Wiggins 0-0: Ball
1-0: Ball
2-0: Foul Ball, location: 2F
2-1: Called Strike
2-2: Ball
3-2: DOUBLE (Line Drive, 7LS)
Batting: RHB Rubén Calderón 0-0: Swinging Strike
0-1: Foul Ball, location: 2F
0-2: Ball
1-2: Ball
2-2: Ball
3-2: Ground out 5-3 (Groundball, 56)
Top of the 6th over - 2 run(s), 3 hit(s), 0 error(s), 1 left on base; So Cal 2 - Irvine 0
BOTTOM OF THE 6TH
Irvine Gang Green batting - Pitching for So Cal Henvy : LHP Tomás Fajardo
Batting: LHB Jorge Martínez 0-0: Ball
1-0: Ball
2-0: Swinging Strike
2-1: Swinging Strike
2-2: Foul Ball, location: 2F
2-2: Ball
3-2: Base on Balls
Batting: LHB Víctor Quiñones 0-0: Called Strike
0-1: Ball
1-1: SINGLE (Line Drive, 56)
Jorge Martínez to second
Batting: RHB Manny Copriviza 0-0: Ball
1-0: Called Strike
1-1: Ball
2-1: DOUBLE (Line Drive, 78D)
Jorge Martínez scores
Víctor Quiñones to third
Batting: RHB José Salazar 0-0: Ball
1-0: Foul Ball, location: 2F
1-1: Ball
2-1: Ball
3-1: Foul Ball, location: 2F
3-2: Fly out, F5 (Popup, 5)
Batting: LHB Jesús Campos 0-0: Ball
1-0: Ball
2-0: Ball
3-0: Ground out 4-3 (Groundball, 4M)
Batting: RHB Raúl Salas 0-0: Called Strike
0-1: Foul Ball, location: 2F
0-2: Ball
1-2: Ball
2-2: Ground out 6-3 (Groundball, 6)
Bottom of the 6th over - 1 run(s), 2 hit(s), 0 error(s), 2 left on base; So Cal 2 - Irvine 1
TOP OF THE 7TH
So Cal Henvy batting - Pitching for Irvine Gang Green : RHP Jung Chwa
Batting: LHB José Antonio Santiago 0-0: Ball
1-0: Foul Ball, location: 2F
1-1: Foul Ball, location: 2F
1-2: Foul Ball, location: 2F
1-2: Foul Ball, location: 2F
1-2: Fly out, F8 (Line Drive, 8RM)
Batting: SHB Ray Burgess 0-0: Called Strike
0-1: Ball
1-1: Ball
2-1: Ground out 4-3 (Groundball, 4)
Batting: RHB Morgan Gibbon 0-0: Called Strike
0-1: Ball
1-1: Foul Ball, location: 2F
1-2: Ball
2-2: Foul Ball, location: 2F
2-2: Foul Ball, location: 2F
2-2: Fly out, F7 (Line Drive, 7M)
Top of the 7th over - 0 run(s), 0 hit(s), 0 error(s), 0 left on base; So Cal 2 - Irvine 1
BOTTOM OF THE 7TH
Irvine Gang Green batting - Pitching for So Cal Henvy : LHP Tomás Fajardo
Pitching: RHP Yin-zhen Zong
Batting: RHB Aaron Wilson 0-0: Called Strike
0-1: Ball
1-1: Fly out, F3 (Popup, 23F)
Pitching: LHP Cecil Bonekamp
Batting: LHB Leonardo Medina 0-0: Swinging Strike
0-1: Ball
1-1: Called Strike
1-2: Ground out 6-3 (Groundball, 6M)
Batting: RHB Buck Jones 0-0: Ball
1-0: Called Strike
1-1: Called Strike
1-2: Ball
2-2: Ground out 5-3 (Groundball, 5S)
Bottom of the 7th over - 0 run(s), 0 hit(s), 0 error(s), 0 left on base; So Cal 2 - Irvine 1
TOP OF THE 8TH
So Cal Henvy batting - Pitching for Irvine Gang Green : RHP Jung Chwa
Pitching: RHP Kuang-yin Yue
Batting: SHB Derek Roach 0-0: Ball
1-0: Swinging Strike
1-1: Ground out 4-3 (Groundball, 4)
Batting: RHB Edouard Padovano 0-0: Called Strike
0-1: Called Strike
0-2: Fly out, F8 (Flyball, 8LXD)
Batting: SHB Miguel González 0-0: Ball
1-0: Called Strike
1-1: Ball
2-1: Ball
3-1: Foul Ball, location: 2F
3-2: Fly out, F9 (Flyball, 89M)
Top of the 8th over - 0 run(s), 0 hit(s), 0 error(s), 0 left on base; So Cal 2 - Irvine 1
BOTTOM OF THE 8TH
Irvine Gang Green batting - Pitching for So Cal Henvy : LHP Cecil Bonekamp
Batting: LHB Jorge Martínez 0-0: Foul Ball, location: 2F
0-1: Ball
1-1: SINGLE (Line Drive, 9S)
Pitching: RHP Jerry Good
Batting: LHB Víctor Quiñones 0-0: Called Strike
0-1: Foul Ball, location: 2F
0-2: Foul Ball, location: 2F
0-2: Foul Ball, location: 2F
0-2: Ball
1-2: Grounds into double play, 4-6-3 (Groundball, 4)
Batting: RHB Manny Copriviza 0-0: Called Strike
0-1: Ball
1-1: Foul Ball, location: 2F
1-2: Ball
2-2: Strikes out swinging
Bottom of the 8th over - 0 run(s), 1 hit(s), 0 error(s), 0 left on base; So Cal 2 - Irvine 1
TOP OF THE 9TH
So Cal Henvy batting - Pitching for Irvine Gang Green : RHP Kuang-yin Yue
Pitching: RHP Mike Fisher
Batting: LHB John Peterson 0-0: Called Strike
0-1: Foul Ball, location: 2F
0-2: Ball
1-2: Strikes out swinging
Batting: RHB Earl Wiggins 0-0: Called Strike
0-1: Ball
1-1: Foul Ball, location: 2F
1-2: Ball
2-2: Foul Ball, location: 2F
2-2: Ground out 5-3 (Groundball, 5S)
Batting: RHB Rubén Calderón 0-0: Called Strike
0-1: Ball
1-1: Swinging Strike
1-2: Strikes out looking
Top of the 9th over - 0 run(s), 0 hit(s), 0 error(s), 0 left on base; So Cal 2 - Irvine 1
BOTTOM OF THE 9TH
Irvine Gang Green batting - Pitching for So Cal Henvy : RHP Jerry Good
Pitching: RHP Juan Flores
Batting: RHB José Salazar 0-0: Foul Ball, location: 2F
0-1: Ball
1-1: Foul Ball, location: 2F
1-2: Ball
2-2: Fly out, F7 (Flyball, 78M)
Batting: LHB Jesús Campos 0-0: Swinging Strike
0-1: Foul Ball, location: 2F
0-2: Ground out 4-3 (Groundball, 4)
Pinch Hitting: RHB Eichiro Yamamoto 0-0: SINGLE (Groundball, 56D)
Pinch Hitting: LHB Tom Baker 0-0: Called Strike
0-1: Ground out 1-3 (Groundball, 25)
Bottom of the 9th over - 0 run(s), 1 hit(s), 0 error(s), 1 left on base; So Cal 2 - Irvine 1
Monday, December 5th, 2016 - OOTP Baseball 17.12 Build 75